 Dungeon Crawl Stone Soup version 0.21.1-1-g345015f (webtiles) character file.

72 Mirai the Magician (level 4, -1/24 HPs)
             Began as a Deep Elf Conjurer on Mar 23, 2018.
             Slain by Natasha (8 damage)
             ... on level 2 of the Dungeon.
             The game lasted 00:03:54 (1302 turns).

Mirai the Magician (Deep Elf Conjurer)              Turns: 1302, Time: 00:03:55

Health: -1/24      AC:  4    Str:  5    XL:     4   Next: 6%
Magic:  3/14       EV: 13    Int: 21    God:
Gold:   131        SH:  0    Dex: 15    Spells: 14/15 levels left

rFire    . . .     SeeInvis .   e - -2 short sword (curse)
rCold    . . .     Gourm    .   (no shield)
rNeg     . . .     Faith    .   a - +0 robe
rPois    .         Spirit   .   g - +1 helmet
rElec    .         Reflect  .   (no cloak)
rCorr    .         Harm     .   (no gloves)
MR       .....                  (no boots)
Stlth    ++........             (no amulet)
HPRegen  0.08/turn              (no ring)
MPRegen  0.14/turn              (no ring)

@: no status effects
A: no striking features
a: no special abilities


You were on level 2 of the Dungeon.
You were not hungry.

You visited 1 branch of the dungeon, and saw 2 of its levels.

You collected 131 gold pieces.

Inventory:

Hand Weapons
 d - a +1 dagger
 e - a cursed -2 short sword (weapon)
 j - a +0 short sword
 m - a +2 vampiric dagger
 n - a +0 morningstar
Armour
 a - a +0 robe (worn)
 g - a +1 helmet (worn)
Scrolls
 f - 2 scrolls of identify
 k - a scroll of random uselessness {unknown}
Potions
 h - a potion of curing
 l - 2 potions of heal wounds {unknown}
 o - a potion of might {unknown}
Books
 b - a book of Conjurations

   Spells                             Type                      Level
   a - Magic Dart                     Conjuration                  1
   b - Searing Ray                    Conjuration                  2
   c - Dazzling Spray                 Conjuration/Hexes            3
   d - Fulminant Prism                Conjuration/Hexes            4
   e - Force Lance                    Conjuration/Translocation    4
   f - Iskenderun's Mystic Blast      Conjuration                  4
Comestibles
 c - 4 rations
 i - 3 chunks of flesh


   Skills:
 - Level 2.4 Dodging
 - Level 2.4 Stealth
 * Level 6.0 Spellcasting
 - Level 4.3 Conjurations


You had 14 spell levels left.
You knew the following spells:

 Your Spells              Type           Power        Failure   Level  Hunger
a - Magic Dart            Conj           ###.         1%          1    None


Dungeon Overview and Level Annotations

Branches:
Dungeon (2/15)

Altars:

Annotations:
D:2 Natasha


Message History

Press: ? - help, Shift-Dir - straight line, f - Natasha
Aim: Natasha The magic dart hits Natasha.
Natasha is moderately wounded.
Casting: Magic Dart
Confirm with . or Enter, or press ? or * to list all spells.
Aiming: Magic Dart
Press: ? - help, Shift-Dir - straight line, f/p - Natasha
Aim: Natasha (lightly wounded)
The magic dart hits Natasha.
Natasha is heavily wounded.
Casting: Magic Dart
Confirm with . or Enter, or press ? or * to list all spells.
Aiming: Magic Dart
Press: ? - help, Shift-Dir - straight line, f/p - Natasha
Aim: Natasha (heavily wounded)
The magic dart hits Natasha.
Natasha is heavily wounded.
Natasha claws you!
You die...

*,* #.##.#.### *,* *,* *,*
#.(..#...# *,******** *,* *,*
#..#####.# *,,,,,,,,* *,*
*,**######...#...##********,*
*,* *,,,.........#.##.#
#####.###.*
****########...#.##
#()..††.h., ##...##
#.###.###., #..########.# *,*
*,, #...@h......# *>***,,
######.###### *,,,,,, #.#
*,,,,,, #.# *,,,,,, #.#
*,,**,, #.# *,,**,, #.#
*,,**,, #.#*******,,***,
#..,,,,,,,,,,,,,


You could see Natasha.

Vanquished Creatures
  Terence (D:2)
  An adder (D:2)
  An ooze (D:2)
  A dart slug (D:1)
  5 giant cockroaches (D:1)
  5 goblins
  2 hobgoblins (D:2)
  A ball python (D:1)
  2 bats (D:1)
  A frilled lizard (D:1)
  6 kobolds
  8 rats
34 creatures vanquished.

Notes
Turn   | Place    | Note
-------+----------+-------------------------------------------
     0 | D:1      | Mirai the Deep Elf Conjurer began the quest for the Orb.
     0 | D:1      | Reached XP level 1. HP: 10/10 MP: 6/6
   243 | D:1      | Reached skill level 4 in Spellcasting
   243 | D:1      | Reached XP level 2. HP: 3/15 MP: 0/9
  1012 | D:2      | Reached XP level 3. HP: 19/19 MP: 7/11
  1013 | D:2      | Noticed Terence
  1064 | D:2      | Reached skill level 5 in Spellcasting
  1263 | D:2      | Killed Terence
  1263 | D:2      | Reached XP level 4. HP: 10/24 MP: 4/13
  1283 | D:2      | Reached skill level 6 in Spellcasting
  1289 | D:2      | Noticed Natasha
  1302 | D:2      | Slain by Natasha

Skill      XL: |  1  2  3  4 |
---------------+-------------+-----
Spellcasting   | 4 5 6 |  6.0
Dodging        | |  2.4
Stealth        | |  2.4
Conjurations   | |  4.3

Action                   |  1- 3 |  4- 6 || total
-------------------------+-------+-------++-------
Melee: Short sword       |    15 |       ||    15
       Dagger            |     1 |       ||     1
 Cast: Magic Dart        |    62 |     8 ||    70
  Use: Scroll            |     5 |       ||     5
  Eat: Chunk             |     1 |       ||     1
Armor: Robe              |    12 |       ||    12
Dodge: Dodged            |    37 |       ||    37
